 Dungeon Crawl Stone Soup version 0.22-a0-460-g49b1da7 (webtiles) character file.

59 Irindil the Insei (level 4, -1/34 HPs)
             Began as a Gnoll Transmuter on June 9, 2018.
             Splashed by a jelly's acid (7 damage)
             ... on level 1 of the Dungeon.
             The game lasted 00:03:44 (864 turns).

Irindil the Insei (Gnoll Transmuter)                 Turns: 864, Time: 00:03:46

Health: -1/34      AC: -1    Str: 14    XL:     4   Next: 3%
Magic:  10/11      EV: 15    Int: 15    God:
Gold:   52         SH:  0    Dex: 15    Spells: 12/13 levels left

rFire    . . .     SeeInvis .     - Unarmed
rCold    . . .     Gourm    .   (no shield)
rNeg     . . .     Faith    .   b - +0 robe
rPois    .         Spirit   .   (no helmet)
rElec    .         Reflect  .   (no cloak)
rCorr    .         Harm     .   (no gloves)
MR       .....                  (no boots)
Stlth    ++........             (no amulet)
HPRegen  0.11/turn              (no ring)
MPRegen  0.12/turn              (no ring)

@: appendage (expiring), corroded
A: distributed training, fangs 1, horns 2, strong nose
a: End Transformation


You were on level 1 of the Dungeon.
You were not hungry.
You had grown temporary horns.
You visited 1 branch of the dungeon, and saw 2 of its levels.

You collected 52 gold pieces.

Inventory:

Missiles
 a - 58 arrows
Armour
 b - a +0 robe (worn)
Scrolls
 e - a scroll of teleportation {unknown}
 g - 4 scrolls of identify {unknown}
 h - a scroll of enchant weapon {unknown}
 i - a scroll of noise {unknown}
Potions
 c - a potion of flight {unknown}
 f - a potion of curing {unknown}
Comestibles
 d - 3 rations


   Skills:
 + Level 2.7 Fighting
 + Level 1.0 Short Blades
 + Level 1.0 Long Blades
 + Level 1.0 Axes
 + Level 1.0 Maces & Flails
 + Level 1.0 Polearms
 + Level 1.0 Staves
 + Level 1.0 Slings
 + Level 1.0 Bows
 + Level 1.0 Crossbows
 + Level 1.0 Throwing
 + Level 1.0 Armour
 + Level 4.6 Dodging
 + Level 1.0 Stealth
 + Level 1.0 Shields
 + Level 6.5 Unarmed Combat
 + Level 5.0 Spellcasting
 + Level 0.7 Conjurations
 + Level 0.7 Hexes
 + Level 0.7 Charms
 + Level 0.7 Summonings
 + Level 0.7 Necromancy
 + Level 0.7 Translocations
 + Level 3.8 Transmutations
 + Level 0.7 Fire Magic
 + Level 0.7 Ice Magic
 + Level 0.7 Air Magic
 + Level 0.7 Earth Magic
 + Level 0.7 Poison Magic
 + Level 1.1 Invocations
 + Level 1.0 Evocations


You had 12 spell levels left.
You knew the following spells:

 Your Spells              Type           Power        Failure   Level  Hunger
a - Beastly Appendage     Tmut           ###...       3%          1    None

Your spell library contained the following spells:

 Spells                   Type           Power        Failure   Level  Hunger
 Spider Form              Tmut/Pois      ##........   19%         3    ###....
 Blade Hands              Tmut           ###.......   67%         5    ######.
 Ice Form                 Ice/Tmut       ##......     54%         4    ####...
 Sticks to Snakes         Tmut           ###.....     4%          2    ##.....


Dungeon Overview and Level Annotations

Branches:
Dungeon (2/15)

Altars:


Innate Abilities, Weirdness & Mutations

Your experience applies equally to all skills.
You have very sharp teeth.
Your uncanny sense of smell can sniff out nearby items.
You have a pair of horns on your head.


Message History

The giant cockroach misses you.
You barely miss the jelly. You headbutt the jelly!
The jelly is heavily wounded.
The giant cockroach bites you. The jelly misses you.
You are too injured to fight recklessly!
You are too injured to fight recklessly!
You are too injured to fight recklessly!
You hit the jelly.
Your hands burn!
The jelly is severely wounded.
Your transformation is almost over.
The giant cockroach closely misses you.
The ooze jiggles.
The jelly misses you. The giant cockroach closely misses you.
You hit the jelly. The acid corrodes you!
Your hands burn!
* * * LOW HITPOINT WARNING * * *
The jelly is severely wounded.
The jelly hits you.
* * * LOW HITPOINT WARNING * * *
You are splashed with acid!
The acid burns!
You die...

#.# #...##.# #...[..#.# #... #.#
##.#.#..###.#.#..#.# #... #.#
#..[............)..# #... #.#
#.###############..#####... #.#
#.#.............#.......... #.#
#.#.............#.......... #.#
##.# ....wJ.....#.......... #.#
#..#######J#######.######... #.#
#..#......s@.....#.# #.... #.#
#.)+⌠....###....⌠'.# #....
#.####.)#......<......#.# #....
#.......#..⌠...>...⌠..#.# ##.))
######..###+#######'###.######...
#.......................#...
#........#####.###.####.####
########## #.....####.).#
#####.##...[.#


You could see a worm, a jelly, an ooze and a giant cockroach.

Vanquished Creatures
  3 oozes
  A dart slug (D:1)
  2 leopard geckos (D:1)
  A ball python (D:1)
  4 giant cockroaches (D:1)
  5 hobgoblins (D:1)
  A jackal (D:1)
  3 bats (D:1)
  A frilled lizard (D:1)
  7 goblins (D:1)
  4 kobolds (D:1)
  10 rats (D:1)
42 creatures vanquished.

Notes
Turn   | Place    | Note
-------+----------+-------------------------------------------
     0 | D:1      | Irindil the Gnoll Transmuter began the quest for the Orb.
     0 | D:1      | Reached XP level 1. HP: 17/17 MP: 6/6
     8 | D:1      | Found a runed door.
    36 | D:1      | Reached XP level 2. HP: 21/23 MP: 7/7
   445 | D:1      | Reached XP level 3. HP: 28/28 MP: 9/9
   534 | D:1      | Reached skill level 5 in Spellcasting
   768 | D:1      | Reached skill level 1 in Invocations
   857 | D:1      | Reached skill level 1 in Short Blades
   857 | D:1      | Reached skill level 1 in Long Blades
   857 | D:1      | Reached skill level 1 in Axes
   857 | D:1      | Reached skill level 1 in Maces & Flails
   857 | D:1      | Reached skill level 1 in Polearms
   857 | D:1      | Reached skill level 1 in Staves
   857 | D:1      | Reached skill level 1 in Slings
   857 | D:1      | Reached skill level 1 in Bows
   857 | D:1      | Reached skill level 1 in Crossbows
   857 | D:1      | Reached skill level 1 in Throwing
   857 | D:1      | Reached skill level 1 in Armour
   857 | D:1      | Reached skill level 1 in Stealth
   857 | D:1      | Reached skill level 1 in Shields
   857 | D:1      | Reached skill level 1 in Evocations
   860 | D:1      | Reached XP level 4. HP: 19/34 MP: 9/11
   864 | D:1      | Splashed by a jelly's acid

Vault maps used:
D:1:      dpeg_arrival_caged_fury, minmay_liquid_box, minmay_quantized
D:2:      kennysheep_the_goblin_king, dancing_weapons_uskayaw

Skill      XL: |  1  2  3 |
---------------+----------+-----
Spellcasting   | 5 |  5.0
Invocations    | 1 |  1.1
Short Blades   | 1 |  1.0
Long Blades    | 1 |  1.0
Axes           | 1 |  1.0
Maces & Flails | 1 |  1.0
Polearms       | 1 |  1.0
Staves         | 1 |  1.0
Slings         | 1 |  1.0
Bows           | 1 |  1.0
Crossbows      | 1 |  1.0
Throwing       | 1 |  1.0
Armour         | 1 |  1.0
Stealth        | 1 |  1.0
Shields        | 1 |  1.0
Evocations     | 1 |  1.0
Fighting       | |  2.7
Dodging        | |  4.6
Unarmed Combat | |  6.5
Conjurations   | |  0.7
Hexes          | |  0.7
Charms         | |  0.7
Summonings     | |  0.7
Necromancy     | |  0.7
Translocations | |  0.7
Transmutations | |  3.8
Fire Magic     | |  0.7
Ice Magic      | |  0.7
Air Magic      | |  0.7
Earth Magic    | |  0.7
Poison Magic   | |  0.7

Action                   |  1- 3 |  4- 6 || total
-------------------------+-------+-------++-------
Melee: Unarmed           |    93 |     4 ||    97
       Bite              |     7 |       ||     7
       Headbutt          |     2 |     1 ||     3
       Punch             |     1 |       ||     1
 Cast: Beastly Appendage |     2 |       ||     2
 Stab: Sleeping          |     5 |       ||     5
Armor: Robe              |    10 |       ||    10
Dodge: Dodged            |    68 |     6 ||    74

Table legend:
 A = Spawn XP
 B = Non-spawn XP
 C = Spawn XP percentage of total XP
 D = Spawn monster count
 E = Non-spawn monster count
 F = Spawn count percentage of total count
 G = Total turns spent on level
                    A         B        C        D         E        F      G
               +---------+---------+-------+---------+---------+-------+---------
         Total |       0 |      85 |   0.0 |       0 |      42 |   0.0 |   864
               +---------+---------+-------+---------+---------+-------+---------
           D:1 |       0 |      78 |   0.0 |       0 |      41 |   0.0 |   856
           D:2 |       0 |       7 |   0.0 |       0 |       1 |   0.0 |     8
               +---------+---------+-------+---------+---------+-------+---------
